 Dungeon Crawl Stone Soup version 0.31-a0-4-gefa6de2278 (webtiles) character file.

Game seed: 2737264681175135440

153 Orangeyouglad the Ducker (level 5, -1/42 HPs)
             Began as a Human Monk on May 4, 2023.
             Slain by a scorpion (5 damage)
             ... on level 4 of the Dungeon.
             The game lasted 00:04:29 (2342 turns).

Orangeyouglad the Ducker (Human Monk)               Turns: 2342, Time: 00:04:29

Health: -1/42      AC:  5    Str: 11    XL:     5   Next: 61%
Magic:  5/5        EV: 12    Int: 11    God:
Gold:   214        SH:  0    Dex: 17    Spells: 4/4 levels left

rFire   . . .        a - +0 falchion
rCold   . . .        d - orb {light}
rNeg    . . .        q - +0 ring mail
rPois   .            j - +0 hat
rElec   .            (no cloak)
rCorr   .            (no gloves)
SInv    .            (no boots)
Will    .....        (no amulet)
Stlth   +            (no ring)
HPRegen 0.27/turn    (no ring)
MPRegen 0.09/turn

%: no passive effects
@: weak-willed, glowing
A: no striking features
a: no special abilities


You were on level 4 of the Dungeon.
You visited 1 branch of the dungeon, and saw 4 of its levels.

You collected 214 gold pieces.

Inventory:

Hand Weapons
 a - a +0 falchion (weapon)
 r - a +4 dagger
Missiles
 f - an atropa-tipped dart (quivered)
Armour
 b - a +0 robe
 d - an orb of light (worn)
 j - a +0 hat (worn)
 q - a +0 ring mail (worn)
Jewellery
 n - a ring of magical power
 p - a ring of positive energy
Scrolls
 e - 6 scrolls of identify {unknown}
 g - a scroll of poison {unknown}
 o - a scroll of vulnerability
Potions
 h - 3 potions of might {unknown}
 i - 3 potions of lignification {unknown}
 k - a potion of attraction {unknown}
 l - a potion of berserk rage {unknown}
 m - a potion of mutation {unknown}


   Skills:
 + Level 4.1 Fighting
 + Level 4.1 Long Blades
 + Level 4.2 Dodging


You had 4 spell levels left.
You didn't know any spells.
Your spell library was empty.

Dungeon Overview and Level Annotations

Branches:
Dungeon (4/15)
 Temple: D:4-7

Altars:

Shops:
D:4 *

Annotations:
D:4 Menkaure


Message History

You feel less confused.
A nearby plant withers and dies.
The gnoll hits you with a +0 club.
* * * LOW HITPOINT WARNING * * *
The scorpion misses you.
You hit the gnoll.
The gnoll is lightly wounded.
The gnoll hits you with a +0 club.
* * * LOW HITPOINT WARNING * * *
The scorpion stings you but does no damage.
You slash the gnoll!
The gnoll is severely wounded.
The gnoll closely misses you. The scorpion barely misses you.
The gnoll hits you with a +0 club.
* * * LOW HITPOINT WARNING * * *
The scorpion barely misses you.
Okay, then.
Okay, then.
Sorry, you're not good enough to have a special ability.
Unknown command.
Throw: 3 darts (atropa)
Press: ? - help, Q - select action Shift-Dir - straight line, f/p - scorpion
Aim: a scorpion (haloed, 79% to hit, chance to blind on hit: 51%)
You throw an atropa-tipped dart.
The atropa-tipped dart hits the scorpion.
The scorpion appears confused.
The scorpion closely misses you. The gnoll hits you with a +0 club.
* * * LOW HITPOINT WARNING * * *
Throw: 2 darts (atropa)
Press: ? - help, Q - select action Shift-Dir - straight line, f - gnoll, p - scorpion
Aim: a gnoll, wielding a +0 club (severely wounded, haloed, 83% to hit, chance to blind on hit: 100%)
You throw an atropa-tipped dart. The atropa-tipped dart hits the gnoll.
The gnoll appears confused.
The gnoll is severely wounded.
The scorpion seems less confused.
The scorpion closely misses you.
You aren't carrying any items that you can evoke.
Unknown command.
As you read the scroll labelled LORROC DINUCRO, it crumbles to dust.
Magic quickly surges around you.
It was a scroll of vulnerability.
The gnoll seems less confused.
The scorpion stings you.
You die...

.. ...#..♣
..##.#...♣
.......$.♣#
P..P......♣ #
....5.♣.♣.#####
.P....♣.#>..#
####...♣.##...#
+.s#..(.♣ #...####
#@g5....♣##.......
####.............#
.......♣......#...
...P.........#.#.##
..⌠.......####...##
..........# ##...#
.$......♣..####.#.#
...P.###.P.♣........
... #..♣♣..###.#.


You could see a scorpion (blind, weak-willed), a gnoll (blind, weak-willed) and
a white imp (weak-willed).

Vanquished Creatures
  A hound (D:4)
  3 adders
  3 gnolls (D:3)
  A worm (D:2)
  An orc (D:3)
  4 endoplasms
  6 giant cockroaches
  5 goblins
  8 hobgoblins
  2 quokkas
  10 ball pythons
  2 bats
  4 frilled lizards
  10 kobolds
  2 rats
62 creatures vanquished.

Vanquished Creatures (others)
  14 plants (D:4)
14 creatures vanquished.

Grand Total: 76 creatures vanquished

Notes
Turn   | Place    | Note
-------+----------+-------------------------------------------
     0 | D:1      | Orangeyouglad the Human Monk began the quest for the Orb.
     0 | D:1      | Reached XP level 1. HP: 18/18 MP: 1/1
   112 | D:1      | Reached XP level 2. HP: 24/24 MP: 2/2
   138 | D:1      | Found a faded altar of an unknown god.
   539 | D:2      | Reached XP level 3. HP: 29/29 MP: 3/3
  1009 | D:2      | Reached XP level 4. HP: 23/36 MP: 4/4
  1938 | D:3      | Reached XP level 5. HP: 40/42 MP: 5/5
  2204 | D:4      | Noticed Menkaure
  2242 | D:4      | Found Ufuohyme's Gadget Gallery.
  2342 | D:4      | Slain by a scorpion

Illustrated notes

Levels and vault maps discovered:
D:1:      dreamdust_arrival_sigmund_warning, layout_rooms,
          ebering_ecumenical_altar_hall
D:2:      layout_basic, minmay_misc_feat_five
D:3:      layout_basic
D:4:      wad_woods_settlement, layout_rooms, nicolae_shop_gadgets,
          uniq_menkaure

Skill      XL: |  1  2  3  4  5 |
---------------+----------------+-----
Long Blades    | 4 |  4.1
Dodging        | 4 |  4.2
Fighting       | 4 |  4.1

Action                     |  1- 3 |  4- 6 || total
---------------------------+-------+-------++-------
  Melee: Falchion          |    67 |    69 ||   136
         Dagger            |       |    24 ||    24
  Throw: Dart              |     1 |    10 ||    11
    Use: Scroll            |       |     1 ||     1
         Potion            |       |     1 ||     1
   Stab: Sleeping          |     1 |       ||     1
 Armour: Robe              |     8 |     3 ||    11
         Ring mail         |       |    15 ||    15
  Dodge: Dodged            |    33 |    75 ||   108

Table legend: (Time is in decaauts)
 A = Elapsed time spent in this place.
 B = Non-inter-level travel time spent in this place.
 C = Inter-level travel time spent in this place.
 D = Time resting spent in this place.
 E = Time spent auto-exploring this place.
 F = Levels seen in this place.
 G = Mean time per level.
                   A        B        C        D        E       F      G
               +--------+--------+--------+--------+--------+-----+--------+
         Total |   2353 |   2194 |    159 |    368 |   1187 |   4 |  588.2 |
       Dungeon |   2353 |   2194 |    159 |    368 |   1187 |   4 |  588.2 |
               +--------+--------+--------+--------+--------+-----+--------+

Top non-repeatable levels by time:
     D:2: 1076 daAuts
     D:3: 675 daAuts
     D:1: 480 daAuts
     D:4: 121 daAuts
